 Dungeon Crawl Stone Soup version 0.31.0-32-g396128a36d (webtiles) character file.

Game seed: 13004503785202937602

165 cdecastro the Trooper (level 5, -1/48 HPs)
             Began as an Armataur Warper on Mar 20, 2024.
             Was a Believer of Trog.
             Incinerated by a bombardier beetle (4 damage)
             ... with a burning spray
             ... on level 4 of the Dungeon.
             The game lasted 00:04:20 (2919 turns).

cdecastro the Trooper (Armataur Warper)             Turns: 2919, Time: 00:04:21

Health: -1/48      AC:  6    Str: 18    XL:     5   Next: 21%
Magic:  7/7        EV:  8    Int: 14    God:    Trog [**....]
Gold:   283        SH:  0    Dex:  9    Spells: 7/7 levels left

rFire   . . .        a - +0 mace
rCold   . . .        (no shield)
rNeg    . . .        t - +0 ring mail
rPois   .            (no helmet)
rElec   .            e - +0 cloak
rCorr   .            (no gloves)
SInv    +            (no barding)
Will    .....        l - amulet of faith Stlth
                     i - ring of see invisible
HPRegen 0.28/turn    (no ring)
MPRegen 0.10/turn

%: roll, faith
@: on fire, glowing
A: large, deformed body, tough skin 3, armoured tail, roll 1
a: Renounce Religion, Berserk, Trog's Hand


You were on level 4 of the Dungeon.
You worshipped Trog.
Trog was pleased with you.
You visited 1 branch of the dungeon, and saw 4 of its levels.

You collected 283 gold pieces.

Inventory:

Hand Weapons
 a - a +0 mace (weapon)
Missiles
 d - 7 darts of dispersal (quivered)
 j - 4 poisoned darts
Armour
 e - a +0 cloak (worn)
 t - a +0 ring mail (worn)
 w - a scarf of invisibility
Jewellery
 i - a ring of see invisible (left hand)
 l - an amulet of faith (around neck)
 n - an amulet of the acrobat
Talismans
 p - a blade talisman
Scrolls
 c - a scroll of blinking
 f - 4 scrolls of identify {unknown}
 g - 2 scrolls of noise {unknown}
 m - a scroll of immolation {unknown}
 o - a scroll of torment {unknown}
 r - 2 scrolls of fog {unknown}
Potions
 b - a potion of mutation {unknown}
 h - a potion of might {unknown}
 k - 3 potions of curing {unknown}
 q - a potion of brilliance {unknown}
 s - 2 potions of attraction {unknown}
 u - a potion of haste {unknown}
 v - a potion of ambrosia {unknown}


   Skills:
 * Level 5.0 Fighting
 - Level 1.7 Maces & Flails
 - Level 0.8 Throwing
 - Level 1.2 Armour
 - Level 1.3 Dodging
 - Level 1.7 Spellcasting
 - Level 3.0 Translocations


You had 7 spell levels left.
You didn't know any spells.
Your spell library contained the following spells:

 Spells                   Type           Power      Damage    Failure   Level
 Blink                    Tloc           18%        N/A       19%         2
 Lesser Beckoning         Tloc           18%        N/A       19%         2
 Teleport Other           Tloc           9%         N/A       36%         3
 Kiss of Death            Conj/Necr      4%         2d5       41%         1
 Slow                     Hex            4%         N/A       41%         1
 Manifold Assault         Tloc           9%         N/A       77%         4
 Confusing Touch          Hex            1%         N/A       78%         3
 Sigil of Binding         Hex            1%         N/A       78%         3
 Vampiric Draining        Necr           1%         2d6       78%         3
 Vhi's Electric Charge    Tloc/Air       10%        N/A       93%         4
 Dispel Undead            Necr           1%         3d6       99%         4


Dungeon Overview and Level Annotations

Branches:
Dungeon (4/15)
 Temple: D:4-7

Altars:
Cheibriados
Gozag
Trog
Wu Jian

Annotations:
D:3 vault need fly


Innate Abilities, Weirdness & Mutations

Armour fits poorly on your strangely shaped body.
You have extremely tough skin. (AC +3)
You have a long armoured tail.
You regenerate magic when rolling toward enemies. (Rampage MPRegen)


Message History

You are covered in liquid fire!
You barely miss the bombardier beetle.
You tail-slap the bombardier beetle, but do no damage.
The liquid fire burns you!
You hit the bombardier beetle but do no damage.
The liquid fire burns you!
The bombardier beetle bites you but does no damage.
You barely miss the bombardier beetle. The liquid fire burns you!
The bombardier beetle bites you.
You barely miss the bombardier beetle. You tail-slap the bombardier beetle.
The bombardier beetle is moderately wounded.
The liquid fire burns you! The bombardier beetle bites you.
* * * LOW HITPOINT WARNING * * *
You barely miss the bombardier beetle.
The bombardier beetle is moderately wounded.
The liquid fire burns you!
* * * LOW HITPOINT WARNING * * *
You hit the bombardier beetle but do no damage.
The bombardier beetle is moderately wounded.
The liquid fire burns you!
* * * LOW HITPOINT WARNING * * *
The bombardier beetle bites you.
* * * LOW HITPOINT WARNING * * *
You hit the bombardier beetle but do no damage.
The bombardier beetle is moderately wounded.
The liquid fire burns you!
* * * LOW HITPOINT WARNING * * *
The bombardier beetle closely misses you.
You hit the bombardier beetle but do no damage.
The bombardier beetle is moderately wounded.
The liquid fire burns you!
* * * LOW HITPOINT WARNING * * *
The bombardier beetle barely misses you.
You hit the bombardier beetle.
Your tail-slap misses the bombardier beetle.
The bombardier beetle is moderately wounded.
The liquid fire burns you!
You die...

## .#### .. ....#
##.#.# #####....#
.#.#.# ...#....#
...#.## ##.#....#
#..#..#### ###..@B.#
#.<..>...# #[...####
#.#......###.##.%###
#.#...)<.##.........
#.....#####..###..###
(..†..†#.....# ....
.........#..## .....
.........#.## ?....
...........#


You could see a bombardier beetle.

Vanquished Creatures
  A bombardier beetle (D:3)
  An orc priest (D:3)
  3 adders (D:2)
  6 dart slugs
  A ribbon worm (D:3)
  4 orcs
  3 endoplasms
  A giant cockroach (D:2)
  7 goblins
  5 hobgoblins
  10 kobolds
  2 quokkas
  5 ball pythons
  2 bats
  2 frilled lizards
  8 rats
61 creatures vanquished.

Notes
Turn   | Place    | Note
-------+----------+-------------------------------------------
     0 | D:1      | cdecastro the Armataur Warper began the quest for the Orb.
     0 | D:1      | Reached XP level 1. HP: 17/17 MP: 3/3
    43 | D:1      | Found a faded altar of an unknown god.
    79 | D:1      | Prayed at the altar of an unknown god.
    79 | D:1      | Became a worshipper of Trog the Wrathful
    79 | D:1      | Reached * piety under Trog
    90 | D:1      | Reached skill level 2 in Fighting
   124 | D:1      | Reached XP level 2. HP: 25/25 MP: 4/4
   367 | D:1      | Reached skill level 3 in Fighting
   402 | D:1      | Reached ** piety under Trog
   414 | D:1      | Reached XP level 3. HP: 21/31 MP: 5/5
  1287 | D:2      | Found an opulent altar of Gozag.
  1313 | D:2      | Reached XP level 4. HP: 35/40 MP: 6/6
  1370 | D:2      | Reached skill level 4 in Fighting
  2312 | D:3      | Found an ornate altar of the Wu Jian Council.
  2532 | D:3      | Found a snail-covered altar of Cheibriados.
  2543 | D:3      | Reached XP level 5. HP: 47/47 MP: 7/7
  2849 | D:4      | Reached skill level 5 in Fighting
  2918 | D:4      | HP: 2/48 [burnt (4)]
  2919 | D:4      | Incinerated by a bombardier beetle

Illustrated notes

Levels and vault maps discovered:
D:1:      dpeg_arrival_water_temple_mockup, layout_rooms,
          ebering_ecumenical_altar_sacrificial, minmay_misc_feat_alley,
          minmay_cut_off
D:2:      layout_basic, basic_altar, kennysheep_generic_room_16
D:3:      layout_basic, slow_altar_2, nicolae_wu_jian_glorious_leap
D:4:      layout_rooms

Skill      XL: |  1  2  3  4  5 |
---------------+----------------+-----
Fighting       | 2 3 4 5 |  5.0
Maces & Flails | |  1.7
Throwing       | |  0.8
Armour         | |  1.2
Dodging        | |  1.3
Spellcasting   | |  1.7
Translocations | |  3.0

Action                     |  1- 3 |  4- 6 || total
---------------------------+-------+-------++-------
  Melee: Mace              |   139 |    86 ||   225
         Tailslap          |    13 |     6 ||    19
         Punch             |     1 |       ||     1
 Armour: Leather armour    |   115 |    29 ||   144
         Ring mail         |       |    32 ||    32
  Dodge: Dodged            |    79 |    37 ||   116
